 Dungeon Crawl Stone Soup version 0.26-a0-602-gd42a14c23b (webtiles) character file.

Game seed: 15952185423741527533

10 Krehm the Vexing (level 2, 0/16 HPs)
             Began as a Kobold Arcane Marksman on Aug 31, 2020.
             Slain by an ooze (4 damage)
             ... on level 1 of the Dungeon.
             The game lasted 00:02:36 (304 turns).

Krehm the Vexing (Kobold Arcane Marksman)            Turns: 304, Time: 00:02:37

Health: 0/16       AC:  2    Str:  7    XL:     2   Next: 30%
Magic:  3/3        EV: 15    Int: 14    God:
Gold:   15         SH:  0    Dex: 15    Spells: 0/3 levels left

rFire    + . .     SeeInvis .   f - +0 dagger
rCold    . . .     Faith    .   (shield restricted)
rNeg     . . .     Spirit   .   e - +0 robe
rPois    .         Reflect  .   (no helmet)
rElec    .         Harm     .   (no cloak)
rCorr    .                      (no gloves)
MR       .....                  (no boots)
Stlth    ++........             (no amulet)
HPRegen  0.05/turn              b - ring of protection from fire
MPRegen  0.08/turn              (no ring)

@: no status effects
A: small, nightstalker 3
a: no special abilities


You were on level 1 of the Dungeon.
You visited 1 branch of the dungeon, and saw 1 of its levels.

You collected 15 gold pieces.

Inventory:

Hand Weapons
 a - a +0 hand crossbow
 f - a +0 dagger (weapon)
Missiles
 c - 8 poisoned darts (quivered)
 d - 20 bolts
Armour
 e - a +0 robe (worn)
Jewellery
 b - a ring of protection from fire (left hand)
Scrolls
 g - a scroll of fog {unknown}
 i - a scroll of identify {unknown}
Potions
 h - a potion of stabbing {unknown}


   Skills:
 + Level 1.6 Fighting
 * Level 2.0 Short Blades
 - Level 2.4 Crossbows
 - Level 2.4 Dodging
 - Level 1.1 Spellcasting
 - Level 3.0 Hexes


You couldn't memorise any spells.
You knew the following spells:

 Your Spells              Type           Power        Failure   Level
a - Corona                Hex            #......      8%          1
b - Slow                  Hex            #.......     12%         2

Your spell library contained the following spells:

 Spells                   Type           Power        Failure   Level
 Inner Flame              Hex/Fire       #.......     38%         3
 Portal Projectile        Hex/Tloc       #.....       38%         3
 Cause Fear               Hex            #.........   58%         4
 Leda's Liquefaction      Hex/Erth       #.........   80%         4


Dungeon Overview and Level Annotations

Branches:
Dungeon (1/15)

Altars:


Innate Abilities, Weirdness & Mutations

You are small and have problems with some larger weapons.
You are completely attuned to the shadows.


Message History

You hit the hobgoblin.
You kill the hobgoblin!
Your Short Blades skill increases to level 2!
You hit the ooze.
The ooze is moderately wounded.
The ooze misses you.
You hit the ooze.
The ooze is heavily wounded.
The ooze hits you.
* * * LOW HITPOINT WARNING * * *
You hit the ooze.
The ooze is severely wounded.
Throwing (i - inventory)
c - 9 poisoned darts (quivered)
Press: ? - help, Shift-Dir - straight line, f - ooze
Aim: an ooze (severely wounded)
You throw a poisoned dart. The poisoned dart hits the ooze.
The ooze is poisoned.
The ooze is severely wounded.
The ooze hits you.
You die...

........... ##### .......^.#
#...# .....##..# #...#
!....#...# #...#
.........################...#
.........#..>..##.....##....#
..#..g.##...................#
..#...##................#...# ..
#...##...J@...............# #..
#.).)..#'###+#............#
##..##..#####.....#####........#
........#...#.....#...#....#####
#.......#.8.'..8..'.<.#....#
.........#...#.....#...#...##
.........#####.....#####...#
.........# ###'### #..##
.........#### #...# ####..#


You could see an ooze (poisoned).

Vanquished Creatures
  2 hobgoblins (D:1)
  2 kobolds (D:1)
  A ball python (D:1)
  2 bats (D:1)
  2 frilled lizards (D:1)
  2 rats (D:1)
11 creatures vanquished.

Notes
Turn   | Place    | Note
-------+----------+-------------------------------------------
     0 | D:1      | Krehm the Kobold Arcane Marksman began the quest for the
                  | Orb.
     0 | D:1      | Reached XP level 1. HP: 12/12 MP: 2/2
    70 | D:1      | Reached skill level 1 in Short Blades
   190 | D:1      | Reached XP level 2. HP: 16/16 MP: 3/3
   201 | D:1      | Learned a level 2 spell: Slow
   304 | D:1      | Slain by an ooze

Illustrated notes

Levels and vault maps discovered:
D:1:      minmay_arrival_stair_chambers, layout_rooms

Skill      XL: |  1  2 |
---------------+-------+-----
Short Blades   | 1 2 |  2.0
Fighting       | |  1.6
Crossbows      | |  2.4
Dodging        | |  2.4
Spellcasting   | |  1.1
Hexes          | |  3.0

Action                   || total
-------------------------++-------
Melee: Dagger            ||    52
Throw: Dart              ||     1
 Cast: Corona            ||     1
 Stab: Sleeping          ||     3
Armor: Robe              ||    11
Dodge: Dodged            ||    43

Table legend: (Time is in decaauts)
 A = Elapsed time spent in this place.
 B = Non-inter-level travel time spent in this place.
 C = Inter-level travel time spent in this place.
 D = Time resting spent in this place.
 E = Time spent auto-exploring this place.
 F = Levels seen in this place.
 G = Mean time per level.
                   A        B        C        D        E       F      G
               +--------+--------+--------+--------+--------+-----+--------+
         Total |    300 |    300 |      0 |     61 |     98 |   1 |  300.0 |
       Dungeon |    300 |    300 |      0 |     61 |     98 |   1 |  300.0 |
               +--------+--------+--------+--------+--------+-----+--------+

Top non-repeatable levels by time:
     D:1: 300 daAuts
